 Dungeon Crawl Stone Soup version 0.32-a0-779-g362cfcae2a (webtiles) character file.

Game seed: 2563378614844088841

1 lunkers the Chopper (level 1, 0/18 HPs)
             Began as a Coglin Berserker on Mar 19, 2024.
             Was a Follower of Trog.
             Succumbed to a goblin's poison
             ... on level 1 of the Dungeon.
             The game lasted 00:00:18 (41 turns).

lunkers the Chopper (Coglin Berserker)                Turns: 41, Time: 00:00:18

Health: 0/18       AC:  2    Str: 17    XL:     1   Next: 20%
Magic:  1/1        EV: 11    Int:  6    God:    Trog [*.....]
Gold:   0          SH:  0    Dex: 13    Spells: 0/0 levels left

rFire   . . .        a - +0 hand axe {Imanvir}
rCold   . . .        (no shield)
rNeg    . . .        b - +0 animal skin
rPois   .            (no helmet)
rElec   .            (no cloak)
rCorr   .            (no gloves)
SInv    .            (no boots)
Will    .....        (amulet unavailable)
Stlth   +            (ring unavailable)
HPRegen 0.23/turn    (ring unavailable)
MPRegen 0.07/turn    (no gizmo)

%: no passive effects
@: lethally poisoned (0 -> -1)
A: off-hand wielding, slow wielding, warmup strikes, no jewellery
a: Invent Gizmo, Renounce Religion, Berserk


You were on level 1 of the Dungeon.
You worshipped Trog.
Trog was aware of your devotion.
You visited 1 branch of the dungeon, and saw 1 of its levels.

Inventory:

Hand Weapons
 a - a +0 hand axe (weapon) {Imanvir}
 c - a +0 dagger {Rafael}
 e - a +1 dagger of venom
Armour
 b - a +0 animal skin (worn)


   Skills:
 - Level 3.0 Fighting
 + Level 3.1 Axes
 - Level 1.7 Armour
 - Level 1.7 Dodging


You couldn't memorise any spells.
You didn't know any spells.
Your spell library was empty.

Dungeon Overview and Level Annotations

Branches:
Dungeon (1/15)

Altars:


Innate Abilities, Weirdness & Mutations

You can wield a second weapon in your off-hand.
It takes a long time for you to wield or remove held weapons.
Your first few attacks do less damage.
You cannot equip rings or amulets.


Message History

* * * LOW HITPOINT WARNING * * *
You feel very sick.
Okay, then.
Okay, then.
You aren't carrying any potions.
Unknown command.
Okay, then.
* * * LOW HITPOINT WARNING * * *
You feel sick.
Things that are here:
a +1 dagger of venom; a goblin corpse
e - a +1 dagger of venom
* * * LOW HITPOINT WARNING * * *
You feel sick.
Okay, then.
You're wielding all the weapons you can.
Replace which one? (? for menu, Esc to cancel) < or
a - a +0 hand axe {Imanvir}; > or
c - a +0 dagger {Rafael}
* * * LOW HITPOINT WARNING * * *
You feel sick.
You start parting from your weapon.
You continue parting from your +0 dagger {Rafael}.
* * * LOW HITPOINT WARNING * * *
You feel sick.
You continue parting from your +0 dagger {Rafael}.
* * * LOW HITPOINT WARNING * * *
You feel sick.
You continue parting from your +0 dagger {Rafael}.
* * * LOW HITPOINT WARNING * * *
You feel sick.
You continue parting from your +0 dagger {Rafael}.
* * * LOW HITPOINT WARNING * * *
You feel sick.
You whisper farewell to Rafael.
You finish parting from your +0 dagger {Rafael}.
Unknown command.
As you read the scroll labelled JOTIESH JAJEU, it crumbles to dust.
You hear a loud clanging noise!
It was a scroll of noise.
You die...

### ..# #§# #§#
#@# #§# #§#
#########§#
####♣.♣♣.##.§§#
##☼§○♣♣..♣.⌠§###
#§°♣♣○∩.∩♣.♣.♣
#♣♣§♣☼.☼.∩♣.♣♣
♣.∩..ß..∩.♣


There were no monsters in sight!

Vanquished Creatures
  A goblin (D:1)
1 creature vanquished.

Notes
Turn   | Place    | Note
-------+----------+-------------------------------------------
     0 | D:1      | lunkers the Coglin Berserker began the quest for the Orb.
     0 | D:1      | Reached XP level 1. HP: 18/18 MP: 1/1
    41 | D:1      | Succumbed to a goblin's poison

Illustrated notes

Levels and vault maps discovered:
D:1:      heliophobic_arrival_enchanted_forest, layout_loops_ring,
          basic_ecumenical_altar, minmay_misc_feat_more_columns

Action                     || total
---------------------------++-------
  Melee: Dagger            ||     3
         Hand axe          ||     3
    Use: Scroll            ||     1
 Armour: Animal skin       ||     2
  Dodge: Dodged            ||     1

Table legend: (Time is in decaauts)
 A = Elapsed time spent in this place.
 B = Non-inter-level travel time spent in this place.
 C = Inter-level travel time spent in this place.
 D = Time resting spent in this place.
 E = Time spent auto-exploring this place.
 F = Levels seen in this place.
 G = Mean time per level.
                   A        B        C        D        E       F      G
               +--------+--------+--------+--------+--------+-----+--------+
         Total |     41 |     41 |      0 |      0 |     26 |   1 |   41.0 |
       Dungeon |     41 |     41 |      0 |      0 |     26 |   1 |   41.0 |
               +--------+--------+--------+--------+--------+-----+--------+

Top non-repeatable levels by time:
     D:1: 41 daAuts
